 Dungeon Crawl Stone Soup version 0.28.0-47-ge53b351184 (webtiles) character file.

Game seed: 8932837244266626470

2223 NinjaNoafa the Ruffian (level 7, 0/108 HPs)
             Began as a Troll Monk on May 4, 2022.
             Was a Follower of Ru.
             Succumbed to a killer bee's poison
             ... on level 6 of the Dungeon.
             The game lasted 00:10:08 (5446 turns).

NinjaNoafa the Ruffian (Troll Monk)                 Turns: 5446, Time: 00:10:08

Health: 0/108      AC: 23    Str: 19 (22) XL:     7   Next: 13%
Magic:  2/6        EV:  1    Int:  4 (6)  God:    Ru [*.....]
Gold:   348        SH:  0    Dex: 11 (14) Spells: 6/6 levels left

rFire   . . .      SeeInvis .     - Unarmed
rCold   . . .      Faith    .   (no shield)
rNeg    . . .      Spirit   +   (armour currently unavailable)
rPois   +          Reflect  .   (helmet currently unavailable)
rElec   .          Harm     .   (cloak currently unavailable)
rCorr   .          Rampage  .   (gloves unavailable)
Will    .....      NoTele   +   (boots unavailable)
Stlth   ++........              i - amulet of guardian spirit
HPRegen 1.08/turn               c - +4 ring of slaying
MPRegen 0.10/turn               (no ring)

@: lethally poisoned (0 -> -3), tree-form, invisible
A: stationary, stasis, torment immunity, boosted hp, large, unfitting armour,
(claws 3), regeneration 1, (shaggy fur 1), (tough skin 1), inexperienced 1,
(horns 1), (cold resistance 1), strong 1
a: Renounce Religion


You were on level 6 of the Dungeon.
You worshipped Ru.
Ru was aware of your devotion.
You were a tree.
You visited 2 branches of the dungeon, and saw 8 of its levels.

You collected 348 gold pieces.

Inventory:

Missiles
 d - 9 poisoned darts (quivered)
 h - 7 atropa-tipped darts
Armour
 a - a +0 robe (melded)
 q - a +2 hat (melded)
 u - a +0 kite shield
Jewellery
 c - a +4 ring of slaying (left branch)
 i - an amulet of guardian spirit (around neck)
Wands
 p - a wand of polymorph (12)
 x - a wand of paralysis (10)
Scrolls
 b - a scroll of holy word
 f - a scroll of amnesia
 g - 2 scrolls of fog
 j - a scroll of teleportation
 l - a scroll of acquirement
 r - a scroll of torment {unknown}
 v - a scroll of magic mapping
Potions
 k - a potion of ambrosia
 s - a potion of degeneration
 w - a potion of haste
Miscellaneous
 n - a piece from Xom's chessboard (13/15)


   Skills:
 - Level 5.1 Fighting
 - Level 5.1 Dodging
 - Level 4.0 Stealth
 - Level 7.0 Unarmed Combat
 + Level 2.0 Evocations


You had 6 spell levels left.
You didn't know any spells.
Your spell library contained the following spells:

 Spells                   Type           Power      Damage    Failure   Level
 Summon Small Mammal      Summ           0%         N/A       50%         1
 Ensorcelled Hibernation  Hex/Ice        0%         N/A       65%         2
 Call Canine Familiar     Summ           0%         N/A       86%         3
 Ozocubu's Armour         Ice            0%         N/A       86%         3
 Spider Form              Tmut/Pois      0%         N/A       86%         3
 Summon Guardian Golem    Hex/Summ       0%         N/A       86%         3
 Anguish                  Hex/Necr       0%         N/A       99%         4
 Ozocubu's Refrigeration  Ice            0%         4d5       100%        7


Dungeon Overview and Level Annotations

Branches:
Dungeon (7/15)             Temple (1/1) D:4

Altars:
Ashenzari
Cheibriados
Dithmenos
Elyvilon
Fedhas
Gozag
Hepliaklqana
Kikubaaqudgha
Makhleb
Nemelex Xobeh
Okawaru
Qazlal
Ru
Sif Muna
Trog
Uskayaw
Vehumet
Wu Jian
Xom
Yredelemnul
Zin
The Shining One


Innate Abilities, Weirdness & Mutations

You are a tree.
Your roots penetrate the ground, keeping you stationary.
You cannot be teleported.
You are immune to unholy pain and torment.
Your maximum health is greatly increased.
Your equipment is partially melded.
You are too large for most types of armour.
((You have claws for hands.))
Your natural rate of healing is unusually fast.
((You are covered in fur. (AC +1)))
((You have tough skin. (AC +1)))
You are somewhat inexperienced. (-2 XL)
((You have a pair of small horns on your head.))
((Your flesh is cold resistant. (rC+)))
Your muscles are strong. (Str +2)


Message History

The killer bee stings you.
* * * LOW HITPOINT WARNING * * *
You are lethally poisoned!
The killer bee poisons you!
Okay, then.
Okay, then.
As you read the scroll of identify, it crumbles to dust.
e - a scroll of fear
* * * LOW HITPOINT WARNING * * *
You feel very sick.
The killer bee buzzes angrily.
The killer bee stops glowing.
The killer bee stings you but does no damage. x2
Okay, then.
Okay, then.
You don't know any spells.
Okay, then.
Aiming: Paralyse
Press: ? - help, Shift-Dir - straight line, f - killer bee
Aim: a killer bee (lightly wounded, chance to affect: 63%)
The killer bee resists with significant effort.
* * * LOW HITPOINT WARNING * * *
You feel very sick. The killer bee stings you.
* * * LOW HITPOINT WARNING * * *
You redirect the killer bee's attack!
The killer bee completely misses the killer bee.
The killer bee stings you but does no damage. x2
As you read the scroll of fear, it crumbles to dust.
You assume a fearsome visage.
The killer bee looks frightened! x4
* * * LOW HITPOINT WARNING * * *
You feel very sick.
The killer bee stings you but does no damage. x2
You miss the killer bee.
The killer bee is lightly wounded.
* * * LOW HITPOINT WARNING * * *
You feel very sick.
As you read the scroll of identify, it crumbles to dust.
l - a scroll of acquirement You die...

#.[.........#..#.# #.....## ##
#...........##.#.######......###.
##...............))..##..........
#...:..######y..###.##..........
######## #...y# #.##..........
#y.#.# #............. #....#
###.......###. #.#y.# #.#...#.#
## #.#.♣# #.#.....# #.####
#.#.....# ######.# #.##.##.#
#......# #....##.# #.######
#######.#### #.# #..... #.#
###### #.# #.. #.# #.#


You could see 4 killer bees.

Vanquished Creatures
  Sigmund (D:2)
  A wyvern (D:6)
  A water moccasin (D:6)
  An ice beast (D:5)
  A black bear (D:5)
  A sky beast (D:5)
  2 necrophages
  2 ogres (D:5)
  A phantom (D:6)
  A centaur (D:6)
  A bullfrog (D:6)
  3 scorpions
  A killer bee (D:7)
  2 jellies
  4 hounds
  An orc priest (D:5)
  An iguana (D:4)
  5 orc wizards
  A scorpion zombie (D:5)
  Natasha (thrice) (D:3)
  A howler monkey zombie (D:6)
  7 gnolls
  A howler monkey skeleton (D:5)
  8 adders
  A shadow imp (D:6)
  2 adder skeletons (D:4)
  5 worms
  A dart slug (D:1)
  11 orcs
  7 ball pythons
  5 bats
  15 endoplasms
  A giant cockroach (D:1)
  6 goblins
  6 hobgoblins
  9 jackals
  7 kobolds
  4 quokkas
  6 frilled lizards
  2 rats
139 creatures vanquished.

Vanquished Creatures (others)
  7 plants (D:1)
7 creatures vanquished.

Grand Total: 146 creatures vanquished

Notes
Turn   | Place    | Note
-------+----------+-------------------------------------------
     0 | D:1      | NinjaNoafa the Troll Monk began the quest for the Orb.
     0 | D:1      | Reached XP level 1. HP: 22/22 MP: 0/0
     3 | D:1      | Noticed an electric eel
     4 | D:1      | Noticed an electric eel
   180 | D:1      | Reached XP level 2. HP: 29/29 MP: 1/1
   455 | D:1      | Reached XP level 3. HP: 36/36 MP: 2/2
   807 | D:2      | Found a faded altar of an unknown god.
   861 | D:2      | Reached skill level 4 in Unarmed Combat
   896 | D:2      | Reached XP level 4. HP: 34/44 MP: 3/3
   934 | D:2      | You fall into a shaft and drop 1 floor!
  1009 | D:2      | Noticed Sigmund
  1363 | D:2      | Killed Sigmund
  1364 | D:2      | Reached skill level 5 in Unarmed Combat
  1364 | D:2      | Reached XP level 5. HP: 47/53 MP: 1/4
  1985 | D:3      | Noticed Natasha
  1994 | D:3      | Killed Natasha
  1995 | D:3      | Reached XP level 6. HP: 59/61 MP: 3/5
  2037 | D:3      | Noticed Natasha
  2045 | D:3      | Killed Natasha
  2325 | D:3      | Noticed Natasha
  2332 | D:3      | Killed Natasha
  2793 | D:4      | Found a staircase to the Ecumenical Temple.
  2863 | Temple   | Entered the Ecumenical Temple
  3129 | Temple   | Became a worshipper of Ru the Awakened
  3349 | D:4      | Reached XP level 7. HP: 53/68 MP: 3/6
  3481 | D:4      | Gained mutation: Your muscles are strong. (Str +2) [potion
                  | of mutation]
  3481 | D:4      | Gained mutation: You have a pair of small horns on your
                  | head. [potion of mutation]
  3481 | D:4      | Gained mutation: Your flesh is cold resistant. (rC+)
                  | [potion of mutation]
  3807 | D:5      | Entered Level 5 of the Dungeon
  3844 | D:5      | Reached skill level 6 in Unarmed Combat
  3888 | D:5      | Reached XP level 8. HP: 74/78 MP: 5/7
  4089 | D:5      | Found a shimmering altar of Xom.
  4634 | D:6      | Gained mutation: You are somewhat inexperienced. (-2 XL)
                  | [Ru sacrifice]
  4634 | D:6      | Reached XP level 7. HP: 71/71 MP: 6/6
  4634 | D:6      | Reached XP level 6. HP: 65/65 MP: 5/5
  4634 | D:6      | Reached * piety under Ru
  4783 | D:6      | Reached skill level 5 in Dodging
  4812 | D:6      | Reached skill level 5 in Fighting
  4865 | D:6      | Reached skill level 7 in Unarmed Combat
  5095 | D:6      | Identified the +3 dagger "Spider's Curse" {spect, Int+2}
  5116 | D:6      | Reached XP level 7. HP: 72/72 MP: 6/6
  5184 | D:6      | Reached skill level 1 in Evocations
  5443 | D:6      | HP: 5/108 [killer bee (1)]
  5445 | D:6      | HP: 1/108 [poisoned by a killer bee]
  5446 | D:6      | Identified a scroll of acquirement
  5446 | D:6      | Succumbed to a killer bee's poison

Illustrated notes

Levels and vault maps discovered:
D:1:      arrival_aquarium_b, layout_loops_ring, columned_hall_lemuel,
          kennysheep_minor_cross, kennysheep_boxes
D:2:      layout_loops_cross, hellmonk_ecumenical_altar_slurped_away,
          uniq_sigmund
D:3:      layout_basic, kennysheep_generic_room_7, uniq_natasha
D:4:      layout_loops_cross, minmay_temple_entry_statues_fountains,
          minmay_three_crescents
D:5:      layout_loops_cross, xom_butterflies
D:6:      layout_basic
D:7:      layout_gridville, uniq_pikel
Temple:   nicolae_temple_the_god_donut

Skill      XL: |  1  2  3  4  5  6  7  8 |
---------------+-------------------------+-----
Unarmed Combat | 4 5 7 6 |  7.0
Fighting       | 3 5 4 |  5.1
Dodging        | 3 5 4 |  5.1
Stealth        | 4 2 3 |  4.0
Evocations     | 2 |  2.0

Action                   |  1- 3 |  4- 6 |  7- 9 || total
-------------------------+-------+-------+-------++-------
Melee: Unarmed           |    79 |   120 |   121 ||   320
       Punch             |     2 |     2 |     3 ||     7
       Headbutt          |       |     6 |    21 ||    27
Throw: Dart              |     2 |       |     2 ||     4
       Throwing net      |       |       |     1 ||     1
Invok: Sacrifice Experie |       |     1 |       ||     1
Evoke: Wand              |       |     3 |     1 ||     4
       Piece from Xom's  |       |       |     2 ||     2
  Use: Scroll            |       |     5 |     5 ||    10
       Potion            |       |     4 |    10 ||    14
 Stab: Sleeping          |     4 |     9 |     3 ||    16
Armor: Robe              |    26 |    20 |    27 ||    73
       Skin              |       |     2 |     7 ||     9
Dodge: Dodged            |    38 |    53 |    71 ||   162
